 Dungeon Crawl Stone Soup version 0.30-a0-177-g1cb5dbfd7a (webtiles) character file.

Game seed: 12909729722901663049

67456 riojii the Eclecticist (level 15, -2/108 HPs)
             Began as a Djinni Air Elementalist on Sept 14, 2022.
             Was the Champion of Hepliaklqana.
             Slain by a tentacle (20 damage)
             ... attached to a kraken
             ... on level 2 of the Shoals on Oct 2, 2022.
             The game lasted 00:45:38 (22005 turns).

riojii the Eclecticist (Djinni Air Elementalist)   Turns: 22005, Time: 00:45:38

Health: -2/108     AC: 10    Str: 10    XL:     15   Next: 66%
Gold:   1504       EV: 12    Int: 32    God:    Hepliaklqana [******] SH:  5 Dex: 15

rFire   + + .      SeeInvis .    H - +6 dagger of War {antimagic, rElec Str+3 Int+3}
rCold   x . .      Faith    .    (no shield)
rNeg    . . .      Spirit   .    z - +1 troll leather armour
rPois   ∞          Reflect  +    g - +2 helmet
rElec   +          Harm     .    s - +0 cloak
rCorr   .          Rampage  .    d - +0 pair of gloves
Will    ++...                    (boots unavailable)
Stlth   ++........               J - amulet "Kol Teb" {Reflect +Inv rPois Will+ SH+5}
HPRegen 1.18/turn                m - ring of wizardry
MPRegen 0.00/turn                D - +6 ring of intelligence

@: spiked, flying, mesmerised, studying Spellcasting
A: reduced essence, sickness immunity, fire resistance 2, cold vulnerability 1,
float, innate caster, HP casting, extra vitality 1
a: Renounce Religion, Evoke Invisibility, Recall Ancestor, Ancestor Identity,
Transference, Idealise


You were on level 2 of the Shoals.
You worshipped Hepliaklqana.
Hepliaklqana was exalted by your worship.
You visited 4 branches of the dungeon, and saw 18 of its levels.

You collected 1504 gold pieces.

Inventory:

Hand Weapons
 H - the +6 dagger of War (weapon) {antimagic, rElec Str+3 Int+3}
   (You found it on level 2 of the Lair of Beasts)

   It reduces the magical energy of the wielder, and disrupts the spells and
   magical abilities of those it strikes.
   Natural abilities and divine invocations are not affected.
   Str:       It affects your strength (+3).
   Int:       It affects your intelligence (+3).
   rElec:     It insulates you from electricity.
Armour
 d - a +0 pair of gloves (worn)
 g - a +2 helmet (worn)
 s - a +0 cloak (worn)
 y - the +1 robe "Goukinem" {Int+2}
   (You found it on level 6 of the Dungeon)

   Int:       It affects your intelligence (+2).
 z - a +1 troll leather armour (worn)
Jewellery
 c - a ring of positive energy
 e - an amulet of regeneration
 m - a ring of wizardry (left hand)
 D - a +6 ring of intelligence (right hand)
 G - a ring of protection from cold
 J - the amulet "Kol Teb" (around neck) {Reflect +Inv rPois Will+ SH+5}
   (You found it on level 1 of the Shoals)

   [amulet of reflection]

   It reflects blocked missile attacks.
   rPois:     It protects you from poison.
   +Inv:      It lets you turn invisible.
   SH:        It affects your SH (+5).
   Will:      It increases your willpower.
Wands
 a - a wand of paralysis (17)
 n - a wand of digging (7)
 v - a wand of flame (63)
 C - a wand of light (7)
 F - a wand of mindburst (12)
 I - a wand of polymorph (4)
Scrolls
 b - 3 scrolls of teleportation
 j - 2 scrolls of fear
 o - a scroll of brand weapon
 p - 6 scrolls of enchant weapon
 w - a scroll of butterflies
 K - a scroll of enchant armour
 L - 3 scrolls of identify
 M - a scroll of silence
Potions
 f - 3 potions of flight
 h - 3 potions of heal wounds
 i - 4 potions of curing
 k - a potion of magic {unknown}
 l - a potion of cancellation {unknown}
 q - 4 potions of mutation
 t - 4 potions of resistance {unknown}
 u - 3 potions of brilliance
 x - 2 potions of might {unknown}
 B - 2 potions of attraction {unknown}
 E - 2 potions of lignification


   Skills:
 + Level 15.3 Fighting
 - Level 2.1 Dodging
 - Level 1.5 Stealth
 * Level 17.0 Spellcasting


You had 14 spell levels left.
You knew the following spells:

 Your Spells              Type           Power      Damage    Failure   Level
a - Shock                 Conj/Air       100%       1d9       0%          1
b - Static Discharge      Conj/Air       100%       2-7/arc   0%          2
c - Swiftness             Air            94%        N/A       0%          3
d - Airstrike             Air            47%        2d(7-23)  0%          4
e - Summon Small Mammal   Summ           100%       N/A       0%          1
f - Searing Ray           Conj           100%       2d8       0%          2
g - Passwall              Tmut/Erth      78%        N/A       0%          2
h - Petrify               Tmut/Erth      94%        N/A       0%          4
i - Animate Dead          Necr           94%        N/A       0%          4
j - Blade Hands           Tmut           47%        N/A       1%          5
k - Statue Form           Tmut/Erth      62%        N/A       1%          6
Your spell library was empty.

Dungeon Overview and Level Annotations

Branches:
Dungeon (10/15)            Temple (1/1) D:5            Lair (5/5) D:10
 Shoals (2/4) Lair:2       Spider (0/4) Lair:2        Slime (0/5) Lair:5
    Orc: D:9-12

Altars:
Ashenzari
Cheibriados
Dithmenos
Elyvilon
Fedhas
Gozag
Hepliaklqana
Makhleb
Nemelex Xobeh
Okawaru
Qazlal
Ru
Trog
Uskayaw
Wu Jian
Xom
Yredelemnul
Zin
The Shining One
Jiyva

Shops:
D:4 ?   D:5 !   D:6 [   D:10 *

Portals:
Trove: D:10 (give +6 demon blade)

Annotations:
Lair:1 3 runed translucent doors, Lutem's ghost, journeyman MiFi
Lair:4 3 runed translucent doors, fish's ghost, journeyman TrMo
Shoals:1 3 runed translucent doors, Ivofaura's ghost, journeyman FeSu
Shoals:2 3 runed translucent doors


Innate Abilities, Weirdness & Mutations

Your life essence is reduced to manifest your ancestor. (-10% HP)
You are immune to sickness and miasma.
You are immune to poison.
Your flesh is very heat resistant. (rF++)
You are vulnerable to cold. (rC-)
You float through the air rather than walking.
You learn spells naturally, not from books.
Your magical power is your life essence.
You have superior vitality. (+4 MHP)


Message History

The tentacle slaps Amyrtaeus!
The sea snake bites you!
The tentacle slaps Amyrtaeus!
Amyrtaeus blocks the tentacle's attack.
The sea snake bites you!
The tentacle barely misses Amyrtaeus.
The merfolk avatar chants a haunting song.
You are mesmerised by the merfolk avatar!
The tentacle slaps Amyrtaeus!
A manticore comes into view.
The sea snake attacks as you move away! The sea snake bites you.
Tentacles burst out of the water!
The sea snake barely misses you.
The merfolk avatar chants its luring song.
Amyrtaeus hits the kraken but does no damage.
Amyrtaeus hits the tentacle with a +0 broad axe of flaming!
Amyrtaeus burns the tentacle.
Amyrtaeus hits the tentacle but does no damage.
Amyrtaeus closely misses the tentacle.
Amyrtaeus barely misses the tentacle.
Amyrtaeus hits the kraken but does no damage.
Amyrtaeus barely misses the tentacle. 4 tentacles come into view.
The sea snake attacks as you move away!
The sea snake bites you but does no damage.
The tentacle slaps Amyrtaeus!!
Amyrtaeus is destroyed!
Tentacles burst out of the water!
The sea snake misses you.
The merfolk avatar chants its luring song. 2 tentacles come into view.
You block the tentacle's attack. The tentacle closely misses you.
The tentacle misses you.
The merfolk avatar chants its luring song.
The pull of its song draws you forwards.
The tentacle slaps you. The tentacle slaps you! x2
* * * LOW HITPOINT WARNING * * *
The tentacle closely misses you.
The merfolk avatar chants its luring song.
The tentacle misses you. You block the tentacle's attack.
The manticore flicks its tail.
The volley of spikes hits you!
The barbed spikes become lodged in your body.
* * * LOW HITPOINT WARNING * * *
The tentacle slaps you!!
You die...

≈≈≈≈≈≈≈≈~~~~~~~≈≈≈≈w≈≈≈≈≈≈≈≈≈
≈
≈≈≈≈≈≈~~~~~~~~~~XX≈≈≈≈≈≈≈≈≈≈≈
≈
≈≈≈≈≈≈~~~~...~~~~~~~~~≈≈≈≈≈≈≈
≈
≈≈≈≈≈~~~~.##..~~~~~w~~~≈≈≈≈≈w
≈
≈≈≈≈≈~~~~.###*~~~w~~~~~~≈≈≈≈≈
≈
≈≈≈≈≈~~~~.....~~~~~..~~~~~~≈w
≈
≈≈≈≈~~~~~....~~~~~....~~~~~~
≈ ≈≈≈≈~~~~~...~~~wwwS..~~~~~~
≈≈ ≈≈≈~~~~~.....~.m@.#..~..~.
≈≈≈ ≈≈~~~~~~...~~...~###.....
~≈≈ ~~~~~~~~~~~~~H...# .....
~~~ ~~~~~~~~.~~~~...~. ....#
~~~ ~~~~....~ ~..###.~~~..
~~.~~...~~ .......~...
...~~~~~~~ ..........
...~~~~~~~~ ~~~~~.....
≈≈≈≈~...##


You could see 2 krakens, a merfolk avatar (mesmerising), a sea snake, a
manticore and 5 tentacles.

Vanquished Creatures
  Gastronok (Lair:2)
  Snorg (D:10)
  A merfolk impaler (Shoals:1)
  3 hydras (Lair:4)
  7 death yaks
  A centaur warrior (Shoals:2)
  A satyr (Shoals:1)
  2 two-headed ogres
  3 sea snakes
  A lindwurm (Lair:4)
  Pikel (D:7)
  5 fauns (Shoals:1)
  A cyclops (Shoals:1)
  A merfolk siren (Shoals:1)
  7 manticores
  3 black mambas
  2 water nymphs (Shoals:1)
  17 elephants
  11 cane toads
  7 komodo dragons
  A rime drake (Lair:5)
  5 polar bears (Lair:5)
  2 trolls
  4 merfolk
  2 wind drakes (Shoals:1)
  Prince Ribbit (D:5)
  4 hornets (Lair:5)
  3 snapping turtles
  5 dream sheep
  9 blink frogs
  14 spriggans
  2 shadows (D:10)
  9 wyverns
  2 water elementals
  A basilisk (Lair:1)
  2 steam dragons
  37 yaks
  Menkaure (D:7)
  13 water moccasins
  Duvessa (D:5)
  4 black bears
  2 orc warriors (D:9)
  2 ogres
  24 wolves
  A boggart (Lair:5)
  7 centaurs
  2 phantoms
  2 kobold brigands
  11 bullfrogs
  A necrophage (D:5)
  6 scorpions
  A gnoll sergeant (D:9)
  Dowan (D:5)
  10 killer bees
  5 orc priests
  3 hounds
  5 iguanas
  8 orc wizards
  7 hell rats
  Robin (D:3)
  4 gnolls (D:9)
  8 adders
  2 shadow imps
  2 white imps (D:5)
  2 dart slugs
  3 worms
  30 orcs
  6 bats
  4 endoplasms
  4 giant cockroaches
  20 goblins
  8 hobgoblins
  3 jackals (D:2)
  17 kobolds
  6 quokkas
  6 ball pythons
  3 frilled lizards
  5 rats
430 creatures vanquished.

Vanquished Creatures (collateral kills)
  The ghost of Xeinaf the Brawler, a journeyman TrAr of Nemelex Xobeh (Lair:3)
  A satyr (Shoals:1)
  2 death yaks (Lair:4)
  A sea snake (Shoals:1)
  A black mamba (Lair:3)
  9 elephants
  A cane toad (Lair:5)
  A merfolk (Shoals:2)
  A dream sheep (Lair:5)
  A wraith (D:10)
  2 spriggans (Lair:5)
  2 wyverns
  21 yaks
  4 water moccasins
  An ice beast (D:7)
  A black bear (Lair:1)
  3 boggarts (Lair:5)
  4 wolves
  A centaur (Lair:2)
  A lemure (D:7)
  A killer bee (D:8)
  4 orcs
  3 kobolds
  3 butterflies
70 creatures vanquished.

Vanquished Creatures (others)
  A yak zombie (Lair:1)
  A centaur zombie (Lair:2)
  A bullfrog zombie (Lair:2)
  9 knights
  2 ancestors (D:7)
  33 fungi
  112 plants
  8 tentacles (Shoals:2)
167 creatures vanquished.

Grand Total: 667 creatures vanquished

Notes
Turn   | Place    | Note
-------+----------+-------------------------------------------
     0 | D:1      | riojii the Djinni Air Elementalist began the quest for the
                  | Orb.
     0 | D:1      | riojii set off with the following spells memorised: Shock,
                  | Static Discharge, Swiftness, Airstrike.
     0 | D:1      | Reached XP level 1. HP: 15/15 MP: 0/0
   267 | D:1      | Reached XP level 2. HP: 12/22 MP: 0/0
   877 | D:1      | Reached skill level 1 in Fighting
  1148 | D:1      | Reached XP level 3. HP: 24/27 MP: 0/0
  1148 | D:1      | Learned a level 1 spell: Summon Small Mammal
  1200 | D:1      | Reached skill level 3 in Spellcasting
  2019 | D:2      | Reached XP level 4. HP: 20/32 MP: 0/0
  3006 | D:3      | Noticed Robin
  3013 | D:3      | Killed Robin
  3021 | D:3      | Reached XP level 5. HP: 14/38 MP: 0/0
  3021 | D:3      | Learned a level 2 spell: Searing Ray
  3551 | D:3      | Found a faded altar of an unknown god.
  3728 | D:3      | Reached skill level 4 in Spellcasting
  4573 | D:4      | Found Plog's Magic Scroll Boutique.
  4823 | D:4      | Reached XP level 6. HP: 34/46 MP: 0/0
  5357 | D:5      | Entered Level 5 of the Dungeon
  5399 | D:5      | Found a staircase to the Ecumenical Temple.
  5401 | D:5      | Noticed an ogre
  5407 | D:5      | Killed an ogre
  5408 | D:5      | Reached XP level 7. HP: 23/50 MP: 0/0
  5408 | D:5      | Learned a level 2 spell: Passwall
  5579 | Temple   | Entered the Ecumenical Temple
  5781 | Temple   | Became a worshipper of Hepliaklqana the Forgotten
  6192 | D:5      | Reached skill level 5 in Spellcasting
  6375 | D:5      | Found a hide-covered altar of Uskayaw.
  7004 | D:5      | Reached XP level 8. HP: 48/58 MP: 0/0
  7109 | D:5      | Reached skill level 6 in Spellcasting
  7149 | D:5      | Found an ornate altar of the Wu Jian Council.
  7150 | D:5      | Noticed Prince Ribbit
  7155 | D:5      | Killed Prince Ribbit
  7156 | D:5      | Reached skill level 5 in Fighting
  7349 | D:5      | Found Dicwuff's Distillery.
  7354 | D:5      | Noticed Duvessa
  7356 | D:5      | Noticed Dowan
  7360 | D:5      | Killed Dowan
  7361 | D:5      | Killed Duvessa
  7742 | D:6      | Found a broken altar of Ashenzari.
  7811 | D:6      | Reached skill level 7 in Spellcasting
  7812 | D:6      | Reached XP level 9. HP: 50/66 MP: 0/0
  7812 | D:6      | Learned a level 4 spell: Petrify
  8039 | D:6      | Noticed a two-headed ogre
  8042 | D:6      | Killed a two-headed ogre
  8043 | D:6      | Reached skill level 8 in Spellcasting
  8115 | D:6      | Identified the +1 robe "Goukinem" {Int+2}
  8287 | D:6      | Reached * piety under Hepliaklqana
  8414 | D:6      | Found Nupalol's Armour Shop.
 10389 | D:7      | Noticed Menkaure
 10393 | D:7      | Killed Menkaure
 10488 | D:7      | Reached XP level 10. HP: 48/67 MP: 0/0
 10628 | D:7      | Noticed Pikel
 10652 | D:7      | Killed Pikel
 10653 | D:7      | Reached skill level 9 in Spellcasting
 10903 | D:7      | Found a bloodstained altar of Trog.
 10922 | D:7      | Noticed a manticore
 10926 | D:7      | Killed a manticore
 11514 | D:8      | Reached ** piety under Hepliaklqana
 11515 | D:8      | Remembered your ancestor Amyrtaeus as a knight
 11523 | D:8      | Found an iron altar of Okawaru.
 11534 | D:8      | Reached skill level 10 in Spellcasting
 11636 | D:8      | Found a stormy altar of Qazlal.
 11975 | D:9      | Reached XP level 11. HP: 69/75 MP: 0/0
 11975 | D:9      | Learned a level 4 spell: Animate Dead
 12020 | D:9      | Found a sparkling altar of Nemelex Xobeh.
 12133 | D:9      | Noticed a two-headed ogre
 12138 | D:9      | Killed a two-headed ogre
 12579 | D:10     | Entered Level 10 of the Dungeon
 12621 | D:10     | Noticed Snorg
 12632 | D:10     | Killed Snorg
 12633 | D:10     | Reached skill level 11 in Spellcasting
 12649 | D:10     | Found a portal to a secret trove of treasure.
 12764 | D:10     | Reached skill level 10 in Fighting
 12813 | D:10     | Found an opulent altar of Gozag.
 12814 | D:10     | Found an opulent altar of Gozag.
 12814 | D:10     | Found an opulent altar of Gozag.
 12819 | D:10     | Found an opulent altar of Gozag.
 12946 | D:10     | Found Homuw's Assorted Antiques.
 13044 | D:10     | Reached *** piety under Hepliaklqana
 13060 | D:10     | Found a staircase to the Lair.
 13412 | Lair:1   | Entered Level 1 of the Lair of Beasts
 13456 | Lair:1   | Reached XP level 12. HP: 78/82 MP: 0/0
 13538 | Lair:1   | Reached skill level 12 in Spellcasting
 13742 | Lair:1   | Found a runed translucent gate.
 13742 | Lair:1   | Found a runed translucent gate.
 13742 | Lair:1   | Found a runed translucent gate.
 13744 | Lair:1   | Noticed Lutem's ghost (journeyman MiFi)
 14356 | Lair:2   | Identified the +6 dagger of War {antimagic, rElec Str+3
                  | Int+3}
 14485 | Lair:2   | Found a hole to the Spider Nest.
 14536 | Lair:2   | Reached skill level 13 in Spellcasting
 14847 | Lair:2   | Reached XP level 13. HP: 23/90 MP: 0/0
 14847 | Lair:2   | Learned a level 5 spell: Blade Hands
 14853 | Lair:2   | Noticed Gastronok
 14872 | Lair:2   | Killed Gastronok
 14879 | Lair:2   | Upgraded the game from 0.30-a0-121-gb27577e5d9 to
                  | 0.30-a0-177-g1cb5dbfd7a
 15422 | Lair:2   | Found a staircase to the Shoals.
 15422 | Lair:2   | Reached **** piety under Hepliaklqana
 16042 | Lair:3   | Found a runed translucent door.
 16044 | Lair:3   | Noticed Xeinaf's ghost (journeyman TrAr)
 16249 | Lair:2   | Reached skill level 14 in Spellcasting
 16940 | Lair:3   | Killed Xeinaf's ghost
 17100 | Lair:4   | Reached ***** piety under Hepliaklqana
 17250 | Lair:4   | Noticed a four-headed hydra
 17253 | Lair:4   | Killed a four-headed hydra
 17254 | Lair:4   | Reached XP level 14. HP: 92/99 MP: 0/0
 17563 | Lair:4   | Found a runed translucent gate.
 17563 | Lair:4   | Noticed an azure jelly
 17564 | Lair:4   | Found a runed translucent gate.
 17564 | Lair:4   | Noticed an azure jelly
 17566 | Lair:4   | Found a runed translucent gate.
 17649 | Lair:4   | Reached skill level 15 in Spellcasting
 17733 | Lair:4   | Noticed an acid blob
 17734 | Lair:4   | Noticed an acid blob
 17734 | Lair:4   | Noticed an azure jelly
 17734 | Lair:4   | Noticed an acid blob
 17734 | Lair:4   | Noticed an azure jelly
 17735 | Lair:4   | Found a viscous altar of Jiyva.
 17735 | Lair:4   | Noticed an acid blob
 17735 | Lair:4   | Noticed an azure jelly
 17735 | Lair:4   | Noticed fish's ghost (journeyman TrMo)
 17735 | Lair:4   | Noticed an acid blob
 17735 | Lair:4   | Noticed an acid blob
 17735 | Lair:4   | Noticed an acid blob
 18341 | Lair:5   | Entered Level 5 of the Lair of Beasts
 19606 | Lair:5   | Identified the amulet "Wemmocw" {Acrobat *Slow +Blink
                  | Regen+}
 19887 | Lair:5   | Reached skill level 16 in Spellcasting
 19887 | Lair:5   | Reached XP level 15. HP: 82/106 MP: 0/0
 19887 | Lair:5   | Learned a level 6 spell: Statue Form
 20238 | Lair:5   | Found a staircase to the Slime Pits.
 20238 | Lair:5   | Found a viscous altar of Jiyva.
 20552 | Shoals:1 | Entered Level 1 of the Shoals
 20785 | Shoals:1 | Reached skill level 15 in Fighting
 20915 | Shoals:1 | Found a runed translucent gate.
 20915 | Shoals:1 | Found a runed translucent gate.
 20915 | Shoals:1 | Found a runed translucent gate.
 20916 | Shoals:1 | Noticed Ivofaura's ghost (journeyman FeSu)
 20968 | Shoals:1 | Identified the amulet "Kol Teb" {Reflect +Inv rPois Will+
                  | SH+5}
 21476 | Shoals:1 | Identified a scroll of acquirement
 21476 | Shoals:1 | Acquired a manual of Spellcasting
 21610 | Shoals:2 | Noticed a frost giant
 21613 | Shoals:2 | Noticed a frost giant
 21615 | Shoals:2 | Found a runed translucent gate.
 21615 | Shoals:2 | Found a runed translucent gate.
 21615 | Shoals:2 | Found a runed translucent gate.
 21751 | Shoals:2 | Reached skill level 17 in Spellcasting
 21885 | Shoals:2 | Reached ****** piety under Hepliaklqana
 21993 | Shoals:2 | Noticed a kraken
 21993 | Shoals:2 | Noticed a kraken
 22005 | Shoals:2 | Slain by a tentacle

Illustrated notes

Levels and vault maps discovered:
D:1:      wander_arrival_lonely_grave, layout_loops_corners
D:2:      layout_rooms
D:3:      layout_loops_ring, hellmonk_ecumenical_altar_pennies_from_heaven,
          uniq_robin
D:4:      layout_basic, serial_shops, nicolae_shop_advertising_works
          [nicolae_subvault_shop_adworks], minmay_cupped
D:5:      layout_loops_corners, lemuel_round_altar,
          mainiacjoe_overflow_chevrons, minmay_temple_entry_butterflies,
          minmay_misc_feat_ornament, nicolae_take_the_stairs,
          hangedman_abyss_or_decor_stabs, kb_lookout_dungeons_type,
          kennysheep_minor_cross, st_stairs_7, minmay_misc_feat_encased,
          grunt_ministairs_3, uniq_duvessa, uniq_prince_ribbit1
D:6:      layout_basic, ashenzari_conservatory_becter, vehumet_altar_wand_db,
          serial_shops, shop_coins
D:7:      dreamdust_elfheim, layout_loops_ring, trog_three_pillars_becter,
          uniq_menkaure, uniq_pikel
D:8:      layout_rooms, mainiacjoe_overflow_small_starburst, kennysheep_mini,
          hangedman_decor_diamond_cutter, minmay_holes
D:9:      layout_long_grid, lemuel_round_altar, nemelex_spade_bored_becter
D:10:     layout_loops_ring, nicolae_gozag_conspicuous_consumption,
          minmay_lair_entry_grove, serial_shops,
          nicolae_shop_overgrown_old_shop, nicolae_trove_entry_free_sample,
          uniq_snorg
Temple:   nicolae_temple_slightly_damp_pantheon
Lair:1:   wad_woods_settlement, layout_cave_shapes, gammafunk_ghost_necromancy,
          st_stairs_8
Lair:2:   layout_gridlike, minmay_shoals_entry_centaurs, spider_nest_entry_a,
          lemuel_fruit_fields, uniq_gastronok
Lair:3:   layout_long_grid, ebering_ghost_reflecting_pool
Lair:4:   layout_cave_pods, gammafunk_ghost_ooze, serial_bayou_shore_b
Lair:5:   minmay_lair_end_enchanted_forest, layout_regular_city, slime_entry_1,
          serial_bayou_shore_b
Shoals:1: cheibrodos_shoals_satyrical_garden, layout_shoals,
          gammafunk_ghost_split
Shoals:2: layout_shoals, nicolae_shoals_beach_cooler

Skill      XL: |  1  2  3  4  5  6  7  8  9 10 11 12 13 14 15 |
---------------+----------------------------------------------+-----
Fighting       | 1 2 3 4 5 7 9 10 11 13 14 15 | 15.3
Spellcasting   | 3 4 5 7 8 10 11 13 14 16 17 | 17.0
Dodging        | |  2.1
Stealth        | |  1.5

Action                   |  1- 3 |  4- 6 |  7- 9 | 10-12 | 13-15 || total
-------------------------+-------+-------+-------+-------+-------++-------
Melee: Dagger            |       |       |       |       |     3 ||     3
 Cast: Shock             |    64 |   115 |     5 |       |       ||   184
       Static Discharge  |     5 |     8 |     6 |    14 |       ||    33
       Searing Ray       |       |     2 |       |       |       ||     2
       Swiftness         |       |     1 |       |       |       ||     1
       Airstrike         |       |       |   113 |   339 |   580 ||  1032
       Summon Small Mamm |       |       |     2 |       |       ||     2
       Animate Dead      |       |       |       |    10 |       ||    10
       Passwall          |       |       |       |     3 |       ||     3
       Petrify           |       |       |       |       |     3 ||     3
Invok: Ancestor Identity |       |       |     1 |     1 |       ||     2
       Recall Ancestor   |       |       |     1 |     3 |     4 ||     8
       Ancestor Life: Kn |       |       |       |     1 |       ||     1
  Use: Scroll            |       |    12 |     5 |     2 |    12 ||    31
       Potion            |       |       |       |       |     6 ||     6
Armor: Robe              |       |       |     3 |     4 |       ||     7
       Troll leather arm |       |       |       |     5 |    29 ||    34
Dodge: Dodged            |    10 |     6 |     8 |    21 |    60 ||   105
Block: Other             |       |       |       |       |     6 ||     6
       Reflection        |       |       |       |       |     2 ||     2

Table legend: (Time is in decaauts)
 A = Elapsed time spent in this place.
 B = Non-inter-level travel time spent in this place.
 C = Inter-level travel time spent in this place.
 D = Time resting spent in this place.
 E = Time spent auto-exploring this place.
 F = Levels seen in this place.
 G = Mean time per level.
                   A        B        C        D        E       F      G
               +--------+--------+--------+--------+--------+-----+--------+
         Total |  21990 |  21015 |    975 |   3115 |  14945 |  18 | 1221.7 |
       Dungeon |  13015 |  12593 |    422 |   1922 |   9319 |  10 | 1301.5 |
        Temple |    397 |    343 |     54 |    171 |    155 |   1 |  397.0 |
          Lair |   7124 |   6632 |    492 |   1015 |   4280 |   5 | 1424.8 |
        Shoals |   1452 |   1446 |      6 |      7 |   1191 |   2 |  726.0 |
               +--------+--------+--------+--------+--------+-----+--------+

Top non-repeatable levels by time:
     D:6: 2482 daAuts
     D:5: 1989 daAuts
  Lair:4: 1979 daAuts
     D:1: 1861 daAuts
     D:3: 1754 daAuts
  Lair:1: 1558 daAuts
  Lair:5: 1385 daAuts
  Lair:3: 1217 daAuts
  Lair:2: 983 daAuts
     D:7: 941 daAuts
Shoals:1: 934 daAuts
     D:2: 922 daAuts
    D:10: 832 daAuts
     D:4: 817 daAuts
     D:8: 722 daAuts
